 Dungeon Crawl Stone Soup version 0.30.0 (webtiles) character file.

Game seed: 2754965277585061692

45931 tabstorm the Eclecticist (level 14, 0/94 HPs)
             Began as a Djinni Fire Elementalist on May 5, 2023.
             Was a High Priest of Makhleb.
             Slain by a thrashing horror (5 damage)
             ... on level 5 of the Lair of Beasts.
             The game lasted 01:13:30 (16436 turns).

tabstorm the Eclecticist (DjFE)                    Turns: 16436, Time: 01:13:31

Health: 0/94       AC:  6    Str: 15    XL:     14   Next: 73%
Gold:   1128       EV: 12    Int: 21    God:    Makhleb [*****.] SH:  0 Dex: 11

rFire   + + +        D - staff of fire
rCold   . . .        (no shield)
rNeg    . . .        w - +2 robe {Will+}
rPois   ∞            q - +1 helmet
rElec   +            d - scarf {rC+ rF+}
rCorr   +            (no gloves)
SInv    +            (boots unavailable)
Will    ++...        n - amulet of regeneration
Stlth   ++           v - +6 ring of strength
HPRegen 1.15/turn    J - ring "Pehauvuw" {rElec rCorr Str+2 Dex-4 SInv}
MPRegen 0.00/turn

%: infuse magic (-1 HP)
@: mighty, about to teleport, flying
A: sickness immunity, fire resistance 2, cold vulnerability 1, float, innate
caster, HP casting, extra vitality 1
a: Renounce Religion, Minor Destruction, Lesser Servant of Makhleb, Major
Destruction, Greater Servant of Makhleb


You were on level 5 of the Lair of Beasts.
You worshipped Makhleb.
Makhleb was extremely pleased with you.
You visited 3 branches of the dungeon, and saw 17 of its levels.
You also visited: Sewer.

You collected 1422 gold pieces.
You spent 294 gold pieces at shops.

Inventory:

Missiles
 L - 8 curare-tipped darts
Armour
 d - a scarf of resistance (worn)
 q - a +1 helmet (worn)
 w - a +2 robe of willpower (worn)
 y - +1 steam dragon scales
Magical Staves
 D - a staff of fire (weapon)
 N - a staff of earth
Jewellery
 n - an amulet of regeneration (around neck)
 v - a +6 ring of strength (left hand)
 z - a +6 ring of strength
 C - a +4 ring of protection
 J - the ring "Pehauvuw" (right hand) {rElec rCorr Str+2 Dex-4 SInv}
   (You acquired it on level 5 of the Dungeon)

   [ring of resist corrosion]

   Str:       It affects your strength (+2).
   Dex:       It affects your dexterity (-4).
   rElec:     It insulates you from electricity.
   SInv:      It lets you see invisible.
   rCorr:     It protects you from acid and corrosion.
 U - an amulet of the acrobat
Wands
 l - a wand of acid (6)
 o - a wand of digging (4)
 H - a wand of paralysis (10)
 O - a wand of polymorph (23)
 V - a wand of flame (8)
 W - a wand of mindburst (14)
 X - a wand of iceblast (5)
Scrolls
 a - a scroll of noise {unknown}
 b - a scroll of blinking
 c - 2 scrolls of poison
 f - a scroll of identify
 i - 2 scrolls of magic mapping
 j - 3 scrolls of fog
 s - a scroll of silence {unknown}
 u - 7 scrolls of teleportation
 x - a scroll of vulnerability {unknown}
 I - a scroll of amnesia
 K - a scroll of torment
 M - a scroll of brand weapon {unknown}
 P - a scroll of butterflies {unknown}
 Q - a scroll of enchant armour
 S - a scroll of enchant weapon
 Y - 2 scrolls of immolation
Potions
 e - 6 potions of heal wounds
 g - 5 potions of attraction
 h - 2 potions of flight {unknown}
 k - 3 potions of invisibility
 m - 2 potions of resistance
 p - 2 potions of haste {unknown}
 r - 4 potions of curing
 t - 6 potions of ambrosia
 A - 5 potions of mutation
 B - 4 potions of degeneration {unknown}
 E - a potion of experience {unknown}
 F - 3 potions of cancellation
 G - 3 potions of magic
 R - 3 potions of might {unknown}
 T - 3 potions of berserk rage {unknown}
 Z - a potion of brilliance {unknown}


   Skills:
 - Level 6.8 Fighting
 - Level 2.1 Dodging
 - Level 1.5 Stealth
 - Level 16.8 Spellcasting
 * Level 13.7 Invocations


You knew the following spells:

 Your Spells              Type           Power      Damage    Failure   Level
a - Foxfire               Conj/Fire      100%       2x1d9     0%          1
b - Scorch                Fire           100%       2d9       0%          2
c - Volatile Blastmotes   Fire/Tloc      100%       2d18      0%          3
d - Inner Flame           Hex/Fire       93%        N/A       0%          3
e - Flame Wave            Conj/Fire      93%        2d20      1%          4
f - Magic Dart            Conj           100%       1d8       0%          1
g - Ensorcelled Hibernat  Hex/Ice        100%       N/A       0%          2
h - Hailstorm             Conj/Ice       73%        3d15      0%          3
i - Manifold Assault      Tloc           73%        N/A       1%          4
j - Airstrike             Air            36%        2d(6-22)  1%          4
k - Agony                 Necr           73%        N/A       1%          5
Your spell library was empty.

Dungeon Overview and Level Annotations

Branches:
Dungeon (11/15)            Temple (1/1) D:7            Lair (5/5) D:8
  Swamp (0/4) Lair:3        Snake (0/4) Lair:3        Slime (0/5) Lair:4
  Sewer (visited)
    Orc: D:9-12

Altars:
Ashenzari
Cheibriados
Elyvilon
Fedhas
Gozag
Hepliaklqana
Makhleb
Nemelex Xobeh
Okawaru
Qazlal
Ru
Trog
Uskayaw
Wu Jian
Yredelemnul
Zin
The Shining One
Jiyva

Shops:
D:2 (   D:5 ([(!*   D:9 =   D:10 :

Annotations:
D:7 exclusion: downstairs
Lair:4 exclusion: downstairs


Innate Abilities, Weirdness & Mutations

You are immune to sickness and miasma.
You are immune to poison.
Your flesh is very heat resistant. (rF++)
You are vulnerable to cold. (rC-)
You float through the air rather than walking.
You learn spells naturally, not from books.
Your magical power is your life essence.
You have superior vitality. (+4 MHP)


Message History

Confirm with . or Enter, or press ? or * to list all spells.
You feel a surge of power!
A cloud of volatile blastmotes flares up around you!
The thrashing horror is engulfed in seething chaos.
The thrashing horror attacks as you move away!
The thrashing horror tramples you!
The thrashing horror closely misses you.
The cloud of blastmotes explodes!
The concussive blast engulfs the thrashing horror!
The thrashing horror resists.
The thrashing horror is lightly damaged.
The concussive blast engulfs you. You resist.
You are knocked back by the blast.
The thrashing horror tramples you!
You hold your ground!
The thrashing horror tramples you.
You are shoved backwards!
You hear a loud, deep croak!
You hear a roar!
Unknown command.
Unknown command.
Unknown command.
As you read the scroll of teleportation, it crumbles to dust.
You feel strangely unstable. The thrashing horror tramples you.
You hold your ground!
The thrashing horror tramples you.
You hold your ground!
Unknown command.
Unknown command.
The thrashing horror tramples you.
* * * LOW HITPOINT WARNING * * *
You are shoved backwards!
Unknown command.
Unknown command.
The thrashing horror tramples you!
* * * LOW HITPOINT WARNING * * *
You are shoved backwards!
Unknown command.
The thrashing horror attacks as you move away!
The thrashing horror tramples you!
* * * LOW HITPOINT WARNING * * *
The thrashing horror barely misses you. The thrashing horror tramples you.
* * * LOW HITPOINT WARNING * * *
You hold your ground!
The thrashing horror tramples you.
You die...

♣.......♣♣♣...♣♣
♣...♣..♣♣ ♣♣♣..♣
♣♣.♣♣♣.♣♣ ♣.♣
♣♣.♣♣♣..♣ ...
♣..♣♣..♣♣ ..♣
♣.♣♣♣♣..♣♣ .÷♣
♣÷♣♣ ♣♣X.♣ ..♣
♣).♣♣♣♣X♣♣ #
♣...♣♣@.♣ #
♣♣..♣♣..♣ #
♣.....♣♣ ♣....♣♣
♣♣...♣♣ ♣....♣
♣♣...♣ ♣...♣♣
♣♣♣ ## ♣♣...♣
♣.♣ ##.


You could see 2 thrashing horrors.

Vanquished Creatures
  5 hydras
  2 two-headed ogres
  3 death yaks
  3 skysharks
  A bog body (Lair:3)
  Pikel (D:7)
  2 large abominations (Lair:5)
  An ugly thing (Lair:5)
  5 elephants
  A salamander (Lair:3)
  A smoke demon (Lair:5)
  4 black mambas
  19 cane toads
  Maggie (D:8)
  A torpor snail (Lair:5)
  8 komodo dragons
  An ancient zyme (Lair:5)
  3 ice devils (Lair:3)
  5 polar bears
  3 hornets
  A raiju (shapeshifter) (Lair:5)
  Grinder (D:4)
  19 blink frogs
  6 dream sheep (Lair:5)
  3 wyverns
  A dire elephant simulacrum (Lair:3)
  A ynoxinul (Lair:5)
  35 yaks
  A basilisk (shapeshifter) (Lair:5)
  Eustachio (D:4)
  2 chaos spawn (Lair:5)
  7 basilisks
  Menkaure (D:7)
  4 wargs (D:10)
  3 swamp worms (Lair:3)
  An acid dragon (D:10)
  Duvessa (D:6)
  13 water moccasins
  A sky beast (D:8)
  4 black bears
  10 orc warriors
  2 centaurs
  24 wolves
  2 lemures (D:7)
  5 kobold brigands
  10 bullfrogs
  A cane toad simulacrum (Lair:3)
  A gnoll sergeant (D:9)
  10 small abominations (Lair:5)
  A scorpion (D:6)
  Dowan (D:6)
  19 killer bees (D:9)
  An electric eel (D:10)
  3 lava snakes (Lair:3)
  3 hounds
  4 jellies (Sewer)
  4 orc priests
  Crazy Yiuf (D:2)
  3 gnoll boudas
  5 iguanas
  5 orc wizards
  A polar bear simulacrum (Lair:3)
  A spriggan simulacrum (Lair:3)
  A troll simulacrum (Lair:3)
  3 hound zombies (D:4)
  Robin (D:2)
  A howler monkey zombie (D:4)
  22 gnolls
  4 adders
  A naga simulacrum (Lair:3)
  A river rat (Sewer)
  2 white imps
  An ufetubus (D:7)
  An adder zombie (D:4)
  2 worms (D:4)
  4 dart slugs
  26 orcs
  16 endoplasms
  5 giant cockroaches
  11 goblins
  18 hobgoblins
  10 jackals
  37 kobolds
  5 quokkas
  6 ball pythons
  5 bats
  4 frilled lizards
  7 rats
487 creatures vanquished.

Vanquished Creatures (collateral kills)
  15 foxfires
15 creatures vanquished.

Vanquished Creatures (others)
  892 foxfires
  46 fungi
  98 plants
1036 creatures vanquished.

Grand Total: 1538 creatures vanquished

Notes
Turn   | Place    | Note
-------+----------+-------------------------------------------
     0 | D:1      | tabstorm the Djinni Fire Elementalist began the quest for
                  | the Orb.
     0 | D:1      | tabstorm set off with the following spells memorised:
                  | Foxfire, Scorch, Volatile Blastmotes, Inner Flame, Flame
                  | Wave.
     0 | D:1      | Reached XP level 1. HP: 15/15 MP: 0/0
    44 | D:1      | fe def worse than it used to be..
    85 | D:1      | Reached XP level 2. HP: 17/21 MP: 0/0
   133 | D:1      | Reached skill level 3 in Spellcasting
   220 | D:1      | Reached XP level 3. HP: 11/25 MP: 0/0
   220 | D:1      | Learned a level 1 spell: Magic Dart
   949 | D:1      | Reached XP level 4. HP: 29/31 MP: 0/0
  1597 | D:2      | Noticed Robin
  1605 | D:2      | Killed Robin
  1606 | D:2      | Reached skill level 4 in Spellcasting
  1678 | D:2      | Found a runed translucent door.
  1679 | D:2      | Noticed Crazy Yiuf
  1752 | D:2      | Found Soetzol's Antique Weapon Shop.
  2031 | D:2      | Found an ornate altar of the Wu Jian Council.
  2468 | D:2      | Killed Crazy Yiuf
  2469 | D:2      | Reached XP level 5. HP: 30/35 MP: 0/0
  2469 | D:2      | Learned a level 2 spell: Ensorcelled Hibernation
  3068 | D:4      | Noticed a black bear
  3072 | D:4      | Killed a black bear
  3073 | D:4      | Reached skill level 5 in Spellcasting
  3073 | D:4      | Reached XP level 6. HP: 40/40 MP: 0/0
  3115 | D:4      | Noticed Grinder
  3118 | D:4      | Paralysed by Grinder for 4 turns
  3136 | D:4      | Paralysed by Grinder for 3 turns
  3142 | D:4      | Paralysed by Grinder for 5 turns
  3144 | D:4      | Killed Grinder
  3145 | D:4      | Reached XP level 7. HP: 29/45 MP: 0/0
  3145 | D:4      | Learned a level 3 spell: Hailstorm
  3189 | D:4      | Reached skill level 6 in Spellcasting
  3242 | D:4      | Found a basalt altar of Yredelemnul.
  3380 | D:4      | Found a glowing drain.
  3432 | Sewer    | Entered a sewer
  3591 | Sewer    | Found a shimmering altar of Xom.
  3714 | D:4      | Reached XP level 8. HP: 44/50 MP: 0/0
  3872 | D:4      | Noticed Eustachio
  3892 | D:4      | Killed Eustachio
  3893 | D:4      | Reached skill level 7 in Spellcasting
  4002 | D:5      | Entered Level 5 of the Dungeon
  4077 | D:5      | Found Xebuah Giqu's Weapon Emporium.
  4238 | D:5      | Found Venoocid's Weapon Boutique.
  4277 | D:5      | Found Zaits's Distillery.
  4286 | D:5      | Bought a potion of heal wounds for 70 gold pieces
  4286 | D:5      | Bought a potion of magic for 112 gold pieces
  4286 | D:5      | Bought a potion of heal wounds for 70 gold pieces
  4286 | D:5      | Bought a potion of curing for 42 gold pieces
  4287 | D:5      | Found a transporter.
  4289 | D:5      | Found Hedulyar's Assorted Antiques.
  4357 | D:5      | Found a transporter.
  4395 | D:5      | Found a glowing silver altar of Zin.
  4395 | D:5      | Noticed an angel
  4414 | D:5      | Found Cacugg's Armour Boutique.
  4562 | D:5      | Identified 2 scrolls of acquirement
  4562 | D:5      | Acquired the ring "Pehauvuw" {rElec rCorr Str+2 Dex-4 SInv}
  4592 | D:6      | Identified the +12 flail "Ylil" {flame, rElec}
  4674 | D:6      | Noticed a two-headed ogre
  4689 | D:6      | Killed a two-headed ogre
  4690 | D:6      | Reached skill level 8 in Spellcasting
  4690 | D:6      | Reached XP level 9. HP: 48/55 MP: 0/0
  4690 | D:6      | Learned a level 4 spell: Manifold Assault
  4719 | D:6      | Reached skill level 9 in Spellcasting
  4864 | D:6      | Noticed Duvessa
  4864 | D:6      | Noticed Dowan
  4872 | D:6      | Killed Dowan
  4873 | D:6      | Killed Duvessa
  5075 | D:6      | Found a sacrificial altar of Ru.
  5568 | D:6      | Acquired a staff of earth
  5570 | D:6      | Acquired a manual of Spellcasting
  5917 | D:7      | Reached skill level 10 in Spellcasting
  5966 | D:7      | Found a staircase to the Ecumenical Temple.
  5974 | Temple   | Entered the Ecumenical Temple
  6019 | Temple   | Became a worshipper of Makhleb the Destroyer
  6138 | D:7      | Noticed Menkaure
  6141 | D:7      | Killed Menkaure
  6142 | D:7      | Reached XP level 10. HP: 52/60 MP: 0/0
  6270 | D:7      | Reached skill level 11 in Spellcasting
  6547 | D:7      | Noticed Pikel
  6603 | D:7      | Killed Pikel
  6604 | D:7      | Reached skill level 12 in Spellcasting
  6646 | D:7      | Found a blossoming altar of Fedhas.
  6646 | D:7      | Found a hazy altar of Hepliaklqana.
  6798 | D:8      | Noticed Maggie
  6916 | D:8      | Killed Maggie
  7168 | D:8      | Reached skill level 13 in Spellcasting
  7345 | D:8      | Reached * piety under Makhleb
  7540 | D:8      | Found a staircase to the Lair.
  7541 | D:8      | Noticed a komodo dragon
  7558 | D:8      | Killed a komodo dragon
  7776 | D:9      | wut
  7780 | D:9      | Reached skill level 14 in Spellcasting
  7848 | D:9      | Reached XP level 11. HP: 31/65 MP: 0/0
  7848 | D:9      | Learned a level 4 spell: Airstrike
  8003 | D:9      | Reached ** piety under Makhleb
  8029 | D:9      | Found a bloodstained altar of Trog.
  8517 | D:9      | Found Nonun's Jewellery Shoppe.
  8533 | D:9      | Reached skill level 15 in Spellcasting
  8662 | D:10     | Entered Level 10 of the Dungeon
  8889 | D:10     | Noticed a two-headed ogre
  8910 | D:10     | Killed a two-headed ogre
  9003 | D:10     | oh those can trigger each other
  9064 | D:10     | Found Rozxez's Book Shop.
  9845 | Lair:1   | Entered Level 1 of the Lair of Beasts
 10011 | Lair:1   | Reached skill level 1 in Fighting
 10011 | Lair:1   | Reached skill level 1 in Invocations
 10014 | Lair:1   | Reached *** piety under Makhleb
 10110 | Lair:1   | Found a hide-covered altar of Uskayaw.
 10202 | Lair:1   | Reached XP level 12. HP: 34/76 MP: 0/0
 10788 | Lair:2   | Noticed an eight-headed hydra
 10852 | Lair:2   | Noticed a skyshark
 11052 | Lair:3   | Noticed a five-headed hydra
 11130 | Lair:3   | Reached skill level 5 in Fighting
 11130 | Lair:3   | Reached skill level 5 in Invocations
 11490 | Lair:3   | Noticed a six-headed hydra
 11653 | Lair:2   | Killed an eight-headed hydra
 11689 | Lair:2   | Reached **** piety under Makhleb
 11752 | Lair:2   | Reached XP level 13. HP: 89/89 MP: 0/0
 11752 | Lair:2   | Learned a level 5 spell: Agony
 12003 | Lair:2   | Reached skill level 16 in Spellcasting
 12546 | Lair:3   | Noticed a five-headed hydra
 12611 | Lair:3   | Killed a six-headed hydra
 12643 | Lair:3   | Killed a five-headed hydra
 12741 | Lair:3   | Reached ***** piety under Makhleb
 12997 | Lair:3   | Killed a five-headed hydra
 13030 | Lair:3   | Found a staircase to the Swamp.
 13296 | Lair:3   | Found a staircase to the Snake Pit.
 13949 | Lair:4   | Reached skill level 10 in Invocations
 13990 | Lair:4   | Reached XP level 14. HP: 79/94 MP: 0/0
 14290 | Lair:4   | Found a staircase to the Slime Pits.
 14296 | Lair:4   | Found a viscous altar of Jiyva.
 14714 | Lair:5   | Entered Level 5 of the Lair of Beasts
 15651 | Lair:5   | Identified the +7 great mace of Zunt {heavy, rElec rC+
                  | Stlth-}
 16436 | Lair:5   | Slain by a thrashing horror

Illustrated notes >....##.#####...##### ............##'##... ...#..#.#....#.#... .$ ..#....####.#+#..###.# .............# ..#...# ..##.#..§.#..#+#......# . #.....§..........# #########....v.#. ######.@v.#.#.# ................ ......§....#.#.# ########†...... ......#.# ..###... .... #... .... #.. ..... #. Turn 44 on D:1: fe def worse than it used to be.. #§§o§§# §§§§y§# #§oy§.# #§§§yy #oyyy §oy #y# #@# #§# #§# #§# #§# #§# ### Turn 7776 on D:9: wut

..............#
.....####.....# ...
#.....############ .
#..............#..
+............[.#..
#..............#..
#..............#..
#..............#..
#@.............#..
#..............#..
#.....#####....#..
#.....#...#....#..
#.....#...'....#..
###.....#####....#..
.................#..
.................#..
.................#..


Turn 9003 on D:10: oh those can trigger each other

Levels and vault maps discovered:
D:1:      minmay_arrival_doors, layout_basic, chequers_garden,
          reono_crystal_passage, nrook_mini_backslash
D:2:      layout_basic, basic_altar, serial_shops, nicolae_shop_real_fake_doors,
          nicolae_eternal_life, uniq_robin, uniq_crazy_yiuf_cottage
D:3:      layout_basic
D:4:      layout_rooms, nicolae_yredelemnul_corpse_copse,
          cheibrodos_sewer_entry_drain, uniq_eustachio, uniq_grinder
D:5:      layout_basic, zin_angel, serial_shops, nicolae_shop_tiny_glass, shop,
          nicolae_diamond_shop, nicolae_shop_drivethru, shop,
          hangedman_decor_push
D:6:      layout_layer_cave, nicolae_ru_great_annihilating_truth, uniq_duvessa
D:7:      layout_loops_ring, gammafunk_temple_overflow_statue,
          minmay_temple_entry_sparse_star, uniq_menkaure, uniq_pikel
D:8:      kennysheep_kobold_camp, layout_gridville, david_lair_shrubbed,
          grunt_decor_mini_mirrors, uniq_maggie
D:9:      layout_basic, lemuel_crystal_altar, serial_shops, shop
D:10:     layout_gridville, serial_shops, shop, nooodl_orcs_dogs
D:11:     layout_roguey, uniq_josephine
Temple:   eino_temple_rhombus
Lair:1:   layout_roguey, basic_altar, minivault_27, wad_woods_road_03,
          cheibrodos_lair_caveside_slide, chequers_serial_rivers_small_a,
          fungi_pond_lemuel, minivault_27
Lair:2:   layout_chaotic_city
Lair:3:   dreamdust_isle_of_ice, layout_misc_corridors,
          palyth_hydra_swamp_entry, nicolae_snake_entry_warm_welcome
Lair:4:   nzn_winding_woodlands_medium [nzn_winding_woodlands_5x5_checkerboard,
          nzn_winding_woodlands_5x15_sidewinder,
          nzn_winding_woodlands_5x5_open_star,
          nzn_winding_woodlands_5x5_perimeter,
          nzn_winding_woodlands_center_garden,
          nzn_winding_woodlands_5x5_closed_star,
          nzn_winding_woodlands_5x5_default, nzn_winding_woodlands_5x15_twine,
          nzn_winding_woodlands_5x5_default], layout_long_grid, slime_entry_1,
          basic_altar, lemuel_fruit_fields
Lair:5:   hellmonk_lair_end_abyssal_woods, layout_cave_shapes,
          infiniplex_staircase_pool_2, lemuel_fruit_fields

Skill      XL: |  1  2  3  4  5  6  7  8  9 10 11 12 13 14 |
---------------+-------------------------------------------+-----
Spellcasting   | 3 4 5 6 8 10 14 15 16 | 16.8
Fighting       | 2 6 |  6.8
Invocations    | 2 7 10 13 | 13.7
Dodging        | |  2.1
Stealth        | |  1.5

Action                     |  1- 3 |  4- 6 |  7- 9 | 10-12 | 13-15 || total
---------------------------+-------+-------+-------+-------+-------++-------
  Melee: Long sword        |       |     2 |       |       |       ||     2
         Flail             |       |       |     1 |       |       ||     1
         Staff             |       |       |       |     1 |     3 ||     4
         Dagger            |       |       |       |     1 |       ||     1
   Cast: Foxfire           |    54 |    92 |   222 |   183 |    24 ||   575
         Scorch            |     5 |     5 |    17 |    43 |    15 ||    85
         Volatile Blastmot |       |     6 |     2 |   115 |   268 ||   391
         Flame Wave        |       |       |     6 |    91 |    79 ||   176
         Ensorcelled Hiber |       |       |     2 |       |       ||     2
         Hailstorm         |       |       |     5 |    12 |    21 ||    38
         Inner Flame       |       |       |       |     1 |       ||     1
         Airstrike         |       |       |       |     2 |     5 ||     7
  Evoke: Wand              |       |     1 |     6 |       |       ||     7
    Use: Scroll            |       |     5 |     8 |     6 |    13 ||    32
         Potion            |       |       |       |     2 |     1 ||     3
 Armour: Robe              |     2 |     1 |     9 |    20 |    24 ||    56
  Dodge: Dodged            |     3 |    11 |    25 |    89 |    52 ||   180
